 Dungeon Crawl Stone Soup version 0.26.0-20-g3ca415f5b8 (webtiles) character file.

Game seed: 2851769732673439551

2618 kaeus the Covert (level 9, -5/59 HPs)
             Began as an Octopode Transmuter on Jan 25, 2021.
             Shot with an arrow by a centaur (9 damage)
             ... on level 9 of the Dungeon.
             The game lasted 00:13:50 (7478 turns).

kaeus the Covert (Octopode Transmuter)              Turns: 7478, Time: 00:13:51

Health: -5/59      AC:  1    Str: 10    XL:     9   Next: 60%
Magic:  10/24      EV: 16    Int: 15    God:
Gold:   74         SH:  0    Dex: 15    Spells: 11/17 levels left

rFire    . . .     SeeInvis +     - Unarmed
rCold    . . .     Faith    .   (shield currently unavailable)
rNeg     . . .     Spirit   .   (helmet restricted)
rPois    .         Reflect  .   a - amulet of regeneration
rElec    .         Harm     .   d - ring of see invisible (curse)
rCorr    .         Rampage  .   g - ring of magical power
Will     .....                  b - ring of flight
Stlth    ++........             (no ring)
HPRegen  0.59/turn              (no ring)
MPRegen  0.19/turn              (no ring)
                                (no ring)
                                (no ring)

@: blade tentacles (expiring), contaminated, glowing
A: almost no armour, stealthy swim, amphibious, 8 rings, constrict 8, camouflage
1, gelatinous body 1
a: End Transformation, Evoke Flight


You were on level 9 of the Dungeon.
You had blades for tentacles.
You visited 1 branch of the dungeon, and saw 8 of its levels.

You collected 274 gold pieces.
You spent 200 gold pieces at shops.

Inventory:

Magical Staves
 r - an uncursed staff of fire
 s - an uncursed staff of conjuration
Jewellery
 a - an amulet of regeneration (around mantle)
 b - a ring of flight (on tentacle)
 d - a cursed ring of see invisible (left scythe-like blade)
 g - a ring of magical power (right scythe-like blade)
 x - an uncursed amulet of magic regeneration
Wands
 n - a wand of random effects (9)
 w - a wand of polymorph (10)
 y - a wand of enslavement (9)
Scrolls
 c - a scroll of identify
 e - 3 scrolls of fog
 h - 2 scrolls of magic mapping {unknown}
 i - a scroll of immolation
 m - a scroll of enchant weapon
 p - 2 scrolls of remove curse
 u - 3 scrolls of amnesia
 z - a scroll of enchant armour {unknown}
Potions
 f - 5 potions of curing
 j - a potion of attraction
 k - a potion of degeneration {unknown}
 l - a potion of mutation {unknown}
 o - a potion of invisibility
 q - a potion of cancellation
 t - 3 potions of haste {unknown}
 v - 2 potions of lignification {unknown}
 A - a potion of might {unknown}


   Skills:
 + Level 4.6 Fighting
 + Level 4.9 Dodging
 + Level 8.5 Stealth
 + Level 5.4 Unarmed Combat
 + Level 4.6 Spellcasting
 * Level 6.7 Transmutations


You had 11 spell levels left.
You knew the following spells:

 Your Spells              Type           Power        Failure   Level
a - Beastly Appendage     Tmut           46%          16%         1
b - Blade Hands           Tmut           11%          73%         5

Your spell library contained the following spells:

 Spells                   Type           Power        Failure   Level
 Wereblood                Tmut           23%          19%         2
 Spider Form              Tmut/Pois      6%           52%         3
 Magic Dart               Conj           12%          58%         1
 Blink                    Tloc           N/A          69%         2
 Call Imp                 Summ           3%           69%         2
 Slow                     Hex            3%           69%         2
 Ice Form                 Ice/Tmut       13%          80%         4
 Conjure Flame            Conj/Fire      3%           85%         3
 Mephitic Cloud           Conj/Pois/Air  3%           85%         3


Dungeon Overview and Level Annotations

Branches:
Dungeon (7/15)
 Temple: D:4-7

Altars:
Dithmenos
Hepliaklqana
Kikubaaqudgha
Makhleb
Nemelex Xobeh
Okawaru
Ru
Vehumet
Wu Jian
The Shining One

Shops:
D:4 ?   D:5 *


Innate Abilities, Weirdness & Mutations

You cannot wear most types of armour.
You are very stealthy in the water. (Stealth+)
You are amphibious.
You can wear up to eight rings at the same time.
You can use your tentacles to constrict eight enemies at once.
Your skin changes colour to match your surroundings (Stealth+).
Your rubbery body absorbs attacks. (AC +1, EV +1)


Message History

* * * LOW HITPOINT WARNING * * *
You take 3 damage, and have 10/59 hp.
Your surroundings suddenly seem different.
A centaur skeleton comes into view.
Found a runed ring mail.
You fall into a shaft and drop 2 floors!
The shaft crumbles and collapses.
Found a pair of gloves.
A centaur comes into view.
The centaur shouts!
The centaur wields a +0 shortbow.
The centaur shoots an arrow.
The arrow hits you!
* * * LOW HITPOINT WARNING * * *
A jelly comes into view.
You see here an arrow.
You take 9 damage, and have 2/59 hp.
You open the door.
The centaur shoots an arrow.
The arrow misses you.
Your transformation is almost over.
The centaur shoots an arrow.
The arrow hits you!
You die...

#.# #.# #.#
#.# #.# #.#
#.#
#####@#####.
#...(........
#.......c.[..
#.........J..
#............
#............
#............
##......#####
#......#


You could see a centaur and a jelly.

Vanquished Creatures
  Maggie (D:6)
  Eustachio (D:5)
  Edmund (D:5)
  2 black bears
  2 ogres
  A centaur (D:5)
  2 bullfrogs (D:7)
  A water moccasin skeleton (D:6)
  10 wights
  A howler monkey (D:5)
  2 centaur skeletons
  2 jellies
  A bullfrog skeleton (D:6)
  3 orc priests
  A hound (D:4)
  Terence (D:3)
  An iguana (D:5)
  Ijyb (D:5)
  8 orc wizards
  3 worker ants
  A hound skeleton (D:4)
  10 gnolls
  13 adders
  A howler monkey skeleton (D:5)
  A white imp (D:5)
  4 ufetubi
  2 oozes
  An adder skeleton (D:5)
  2 worms (D:3)
  2 dart slugs
  7 leopard geckos
  23 orcs
  A ball python (D:1)
  4 giant cockroaches
  16 goblins
  12 hobgoblins
  8 jackals
  6 kobolds
  A quokka (D:2)
  6 bats
  6 frilled lizards
  A jackal skeleton (D:5)
  A quokka skeleton (D:5)
  A quokka zombie (D:5)
  8 rats
183 creatures vanquished.

Notes
Turn   | Place    | Note
-------+----------+-------------------------------------------
     0 | D:1      | kaeus the Octopode Transmuter began the quest for the Orb.
     0 | D:1      | Reached XP level 1. HP: 13/13 MP: 3/3
   367 | D:1      | Reached XP level 2. HP: 16/18 MP: 3/5
  1373 | D:2      | Reached XP level 3. HP: 20/23 MP: 6/6
  1395 | D:2      | Reached skill level 1 in Stealth
  1475 | D:2      | Reached XP level 4. HP: 28/28 MP: 7/7
  1940 | D:2      | Reached skill level 2 in Stealth
  2005 | D:2      | Reached XP level 5. HP: 30/34 MP: 8/8
  2318 | D:3      | Learned a level 5 spell: Blade Hands
  2340 | D:3      | Noticed Terence
  2352 | D:3      | Killed Terence
  2560 | D:3      | Noticed a black bear
  2564 | D:3      | Reached skill level 3 in Stealth
  2569 | D:3      | Killed a black bear
  2570 | D:3      | Reached XP level 6. HP: 24/39 MP: 10/10
  3238 | D:3      | Reached skill level 4 in Stealth
  3437 | D:3      | Reached XP level 7. HP: 26/45 MP: 11/11
  4070 | D:4      | Reached skill level 5 in Stealth
  4405 | D:4      | Found an iron altar of Okawaru.
  4429 | D:4      | Found Peraetog's Magic Scroll Shoppe.
  4579 | D:4      | Found an ornate altar of the Wu Jian Council.
  4694 | D:5      | Entered Level 5 of the Dungeon
  4711 | D:5      | Noticed Edmund
  4793 | D:5      | Noticed Eustachio
  4807 | D:5      | Killed Eustachio
  4808 | D:5      | Reached XP level 8. HP: 35/52 MP: 13/13
  4994 | D:5      | Reached skill level 6 in Stealth
  5187 | D:5      | Noticed Ijyb
  5198 | D:5      | Killed Ijyb
  5199 | D:5      | Reached skill level 5 in Transmutations
  5513 | D:5      | Found Xenegh's Assorted Antiques.
  5555 | D:5      | HP: 2/52 [Edmund/+6 flail of protection (14)]
  5561 | D:5      | Killed Edmund
  5599 | D:5      | Bought a potion of curing for 75 gold pieces
  5599 | D:5      | Bought a sapphire ring for 125 gold pieces
  5609 | D:5      | Found an ornate altar of the Wu Jian Council.
  5991 | D:5      | Reached skill level 7 in Stealth
  6127 | D:6      | Reached XP level 9. HP: 52/58 MP: 15/15
  6202 | D:5      | HP: 2/56 [acid (7)]
  6499 | D:6      | Reached skill level 5 in Unarmed Combat
  6559 | D:6      | Found a burning altar of Makhleb.
  6616 | D:6      | Reached skill level 8 in Stealth
  6981 | D:6      | Found a hazy altar of Hepliaklqana.
  6982 | D:6      | Found an ancient bone altar of Kikubaaqudgha.
  6986 | D:6      | Found a sacrificial altar of Ru.
  6986 | D:6      | Found a radiant altar of Vehumet.
  6987 | D:6      | Found a sparkling altar of Nemelex Xobeh.
  7114 | D:6      | Noticed Maggie
  7126 | D:6      | Killed Maggie
  7222 | D:6      | Found a glowing golden altar of the Shining One.
  7453 | D:7      | Found a shadowy altar of Dithmenos.
  7475 | D:7      | You fall into a shaft and drop 2 floors!
  7476 | D:9      | HP: 2/59 [centaur/arrow (9)]
  7478 | D:9      | Shot with an arrow by a centaur

Illustrated notes

Levels and vault maps discovered:
D:1:      psy_arrival_heroes, layout_basic, chequers_avenue,
          hangedman_abyss_or_decor_stabs, minivault_23
D:2:      layout_basic, chequers_serial_rivers_small_3, dk_noncrumbling_4,
          minmay_pentomino_w4
D:3:      layout_basic, uniq_terence
D:4:      layout_basic, lemuel_round_altar, serial_shops, shop, st_stairs_7,
          serial_bayou_lagoon_a, minmay_misc_feat_square,
          kennysheep_flooded_box, minmay_goblin_outpost
D:5:      layout_basic, lemuel_doored_altar, serial_shops, shop, uniq_edmund,
          uniq_eustachio, uniq_ijyb
D:6:      layout_rooms, grunt_temple_overflow_open, kennysheep_mini,
          basic_altar, uniq_maggie
D:7:      layout_basic, grunt_temple_overflow_gold_and_silver, elyvilon_altar_5,
          minmay_temple_entry_slanted, grunt_dithmenos_shadows
D:9:      layout_basic, dpeg_oklobed_lair

Skill      XL: |  1  2  3  4  5  6  7  8  9 |
---------------+----------------------------+-----
Stealth        | 1 2 3 4 5 7 8 |  8.5
Transmutations | 3 4 5 6 |  6.7
Fighting       | 2 3 4 |  4.6
Dodging        | 3 4 |  4.9
Spellcasting   | 3 4 |  4.6
Unarmed Combat | 4 5 |  5.4

Action                   |  1- 3 |  4- 6 |  7- 9 || total
-------------------------+-------+-------+-------++-------
Melee: Unarmed           |    58 |   151 |   269 ||   478
       Constrict         |    20 |    46 |    70 ||   136
       Kick              |     9 |    44 |    89 ||   142
       Tentacles         |     6 |    25 |    61 ||    92
       Punch             |     2 |     6 |    10 ||    18
 Cast: Beastly Appendage |    17 |    38 |    38 ||    93
       Blade Hands       |       |       |     8 ||     8
  Use: Potion            |       |     1 |     8 ||     9
       Scroll            |       |       |     9 ||     9
 Stab: Sleeping          |     8 |     3 |    18 ||    29
       Invisible         |       |       |     1 ||     1
Armor: Skin              |       |     7 |     8 ||    15
Dodge: Dodged            |    30 |    98 |   211 ||   339
